AoeStats
← KWYJIBO

Lombardia

508733263Analyzed
4v4 RM · 7d ago on Sep 23, 2026· 18m 47s· 8 players
Game mode
Random Map
Map size
Large (8 player)
Population
200
Speed
Normal
Resources
Standard
Victory
Conquest
Starting age
Dark Age
Ending age
Imperial Age
RankedLock teamsTeams togetherTeam positionsShared explorationLock speedFull tech treeHidden civsTurbo modeCheats
Victory
Defeat
🇩🇪 Gurjaras · Germany
1240
+15
🇸🇦 Vietnamese · Saudi Arabia
1209
+17
🇵🇱 Magyars · Poland
1200
+17
🇪🇸 Britons · Spain
1157
+19
🇭🇷 Bohemians · Croatia
1268
-19
1263
-19
🇨🇱 Vikings · Chile
1208
-16
🇲🇽 Portuguese · Mexico
1160
-14
mijalskid
6:54 Loom
9:18 Feudal Age
10:48 Double-Bit Axe
12:00 Horse Collar
BERTUS
10:23 Feudal Age
8:51 Loom
16:03 Castle Age
13:52 Horse Collar
14:26 Double-Bit Axe
17:10 Bow Saw
17:53 Heavy Plow
Panzarx
4:51 Loom
11:10 Feudal Age
13:04 Double-Bit Axe
13:26 Horse Collar
15:58 Castle Age
17:05 Bow Saw
Don3z
5:33 Loom
11:22 Feudal Age
12:59 Fletching
13:23 Padded Archer Armor
13:18 Double-Bit Axe
17:34 Wheelbarrow
rubenciego
4:23 Loom
11:50 Feudal Age
15:44 Castle Age
14:04 Double-Bit Axe
15:03 Horse Collar
15:14 Gold Mining
KWYJIBO
8:52 Loom
11:29 Feudal Age
19:32 Castle Age
Maus
8:41 Loom
11:07 Feudal Age
11:55 Double-Bit Axe
16:51 Wheelbarrow
18:55 Castle Age
16:50 Horse Collar
18:13 Double-Bit Axe
Lorazepam "Hogg Zogg" Salad Dog
9:57 Feudal Age
8:40 Loom
10:47 Double-Bit Axe
12:50 Wheelbarrow
16:14 Castle Age
15:06 Horse Collar
17:39 Bow Saw
17:30 Heavy Plow
Connection lost

Rejoining the realm…

Still unreachable

The connection could not be restored.

Session expired

The server has moved on; the page needs a fresh start.